 Dungeon Crawl Stone Soup version 0.28-a0-863-g8cecda6153 (webtiles) character file.

Game seed: 11294310629554041404

63 siradein the Skirmisher (level 4, 0/40 HPs)
             Began as a Hill Orc Monk on Nov 19, 2021.
             Slain by a phantom (4 damage)
             ... on level 4 of the Dungeon.
             The game lasted 00:05:47 (2981 turns).

siradein the Skirmisher (Hill Orc Monk)             Turns: 2981, Time: 00:05:47

Health: 0/40       AC: 11    Str: 13    XL:     4   Next: 9%
Magic:  4/4        EV:  6    Int: 10    God:
Gold:   122        SH:  0    Dex: 14    Spells: 3/3 levels left

rFire   . . .      SeeInvis +   a - +0 mace
rCold   . . .      Faith    .   (no shield)
rNeg    . . .      Spirit   .   f - +0 chain mail
rPois   .          Reflect  .   h - +2 helmet {SInv}
rElec   .          Harm     .   (no cloak)
rCorr   .          Rampage  .   (no gloves)
Will    .....                   (no boots)
Stlth   ..........              (no amulet)
HPRegen 0.13/turn               (no ring)
MPRegen 0.09/turn               (no ring)

@: no status effects
A: no striking features
a: no special abilities


You were on level 4 of the Dungeon.
You visited 1 branch of the dungeon, and saw 4 of its levels.

You collected 122 gold pieces.

Inventory:

Hand Weapons
 a - a +0 mace (weapon)
Missiles
 d - 39 stones (quivered)
 n - 7 poisoned darts
Armour
 f - a +0 chain mail (worn)
 h - a +2 helmet of see invisible (worn)
Jewellery
 l - a +6 ring of intelligence
Scrolls
 c - 2 scrolls of teleportation {unknown}
 e - a scroll of magic mapping {unknown}
 g - 2 scrolls of enchant armour {unknown}
 j - a scroll of fog {unknown}
 k - 4 scrolls of identify {unknown}
 m - a scroll of vulnerability {unknown}
Potions
 b - a potion of haste {unknown}
 i - a potion of magic {unknown}
 o - a potion of ambrosia {unknown}


   Skills:
 + Level 4.3 Fighting
 + Level 3.9 Maces & Flails
 + Level 1.6 Armour
 + Level 2.8 Dodging
 - Level 1.6 Stealth


You had 3 spell levels left.
You didn't know any spells.
Your spell library contained the following spells:

 Spells                   Type           Power      Damage    Failure   Level
 Static Discharge         Conj/Air       0%         N/A       100%        2
 Dazzling Flash           Conj/Hex       0%         N/A       100%        3
 Dispel Undead            Necr           0%         3d6       100%        4
 Sticky Flame             Conj/Fire      0%         2d3       100%        4
 Agony                    Necr           0%         N/A       100%        5
 Fireball                 Conj/Fire      0%         3d3       100%        5
 Iskenderun's Battlesphe  Conj           0%         2d6       100%        5
 Silence                  Hex/Air        0%         N/A       100%        5
 Conjure Ball Lightning   Conj/Air       0%         3x3d6     100%        6
 Orb of Destruction       Conj           0%         N/A       100%        7


Dungeon Overview and Level Annotations

Branches:
Dungeon (4/15)
 Temple: D:4-7

Altars:
Vehumet
The Shining One


Message History

You hit the phantom but do no damage.
The phantom is severely damaged.
The phantom hits you but does no damage.
You completely miss the phantom.
The phantom is severely damaged.
The phantom hits you but does no damage.
You closely miss the phantom.
The phantom is severely damaged.
The phantom hits you.
The phantom blinks!
You blink.
You closely miss the phantom.
The phantom is severely damaged.
The phantom hits you.
* * * LOW HITPOINT WARNING * * *
The phantom blinks!
You blink.
The phantom hits you!
* * * LOW HITPOINT WARNING * * *
You hit the phantom.
The phantom is almost destroyed.
The phantom hits you but does no damage.
You closely miss the phantom.
The phantom is almost destroyed.
The phantom closely misses you.
You completely miss the phantom.
The phantom is almost destroyed.
The phantom hits you but does no damage.
You barely miss the phantom.
The phantom is almost destroyed.
The phantom hits you but does no damage.
You hit the phantom.
The phantom is almost destroyed.
The phantom hits you.
* * * LOW HITPOINT WARNING * * *
The phantom blinks!
You blink.
The phantom hits you but does no damage.
Your chain mail prevents you from hitting the phantom.
The phantom is almost destroyed.
The phantom hits you but does no damage.
You closely miss the phantom.
The phantom is almost destroyed.
The phantom hits you.
You die...

# .# #######.##
#........##
#..W.># .######
#...@.# .......
#.....###.#.....
#......?....#
###ยง###..####
#.# #..######
#.# #........
#.# #..######
###.###..##
#.........#


You could see a phantom.

Vanquished Creatures
  A worm (D:3)
  2 dart slugs (D:2)
  An orc (D:3)
  5 endoplasms
  2 giant cockroaches
  3 goblins
  4 hobgoblins
  4 jackals (D:1)
  7 kobolds
  A quokka (D:1)
  8 ball pythons
  5 bats
  3 frilled lizards
  12 rats
58 creatures vanquished.

Notes
Turn   | Place    | Note
-------+----------+-------------------------------------------
     0 | D:1      | siradein the Hill Orc Monk began the quest for the Orb.
     0 | D:1      | Reached XP level 1. HP: 19/19 MP: 1/1
   502 | D:1      | Reached XP level 2. HP: 24/27 MP: 2/2
   731 | D:1      | Reached skill level 1 in Armour
   994 | D:1      | Reached skill level 4 in Fighting
  1153 | D:1      | Reached XP level 3. HP: 32/33 MP: 3/3
  2173 | D:3      | Found a glowing golden altar of the Shining One.
  2290 | D:3      | Reached XP level 4. HP: 40/40 MP: 4/4
  2881 | D:4      | Noticed a phantom
  2936 | D:4      | Found a radiant altar of Vehumet.
  2981 | D:4      | Slain by a phantom

Illustrated notes

Levels and vault maps discovered:
D:1:      lemuel_arrival_funnel, layout_loops_ring
D:2:      layout_loops_cross, feat_on_display
D:3:      layout_basic, mainiacjoe_overflow_alcove_1
D:4:      layout_loops_ring, lemuel_crystal_altar,
          nicolae_ru_sacrificial_ziggurat, mainiacjoe_overflow_catch_the_wave,
          grunt_decor_resistance

Skill      XL: |  1  2 |
---------------+-------+-----
Armour         | 1 |  1.6
Fighting       | 4 |  4.3
Maces & Flails | |  3.9
Dodging        | |  2.8
Stealth        | |  1.6

Action                   |  1- 3 |  4- 6 || total
-------------------------+-------+-------++-------
Melee: Mace              |   144 |    45 ||   189
Throw: Stone             |     1 |       ||     1
 Stab: Sleeping          |     1 |       ||     1
Armor: Robe              |     4 |       ||     4
       Chain mail        |    69 |    30 ||    99
Dodge: Dodged            |    54 |    10 ||    64

Table legend: (Time is in decaauts)
 A = Elapsed time spent in this place.
 B = Non-inter-level travel time spent in this place.
 C = Inter-level travel time spent in this place.
 D = Time resting spent in this place.
 E = Time spent auto-exploring this place.
 F = Levels seen in this place.
 G = Mean time per level.
                   A        B        C        D        E       F      G
               +--------+--------+--------+--------+--------+-----+--------+
         Total |   3022 |   2920 |    102 |      2 |   2387 |   4 |  755.5 |
       Dungeon |   3022 |   2920 |    102 |      2 |   2387 |   4 |  755.5 |
               +--------+--------+--------+--------+--------+-----+--------+

Top non-repeatable levels by time:
     D:1: 1403 daAuts
     D:3: 824 daAuts
     D:2: 733 daAuts
     D:4: 60 daAuts
